Devils vs Avalanche

Created - Friday, March 13, 2015 at 01:18

Goals
1 2 3 T
Devils 2 0 2 4
Avalanche 1 2 4 7
Shots
1 2 3 T
Devils 12 11 12 35
Avalanche 9 8 21 38

1st period

1. Devils , Drew Stafford 32 (Tyler Johnson) at 6:58 (PP)
2. Avalanche , Joffrey Lupul 27 (Mike Ribeiro, Ryan O'Reilly) at 7:32
3. Devils , Jamie McGinn 15 (Drew Stafford, Tyler Johnson) at 11:02

Penalties :
Tyler Kennedy (Col) for High sticking (Minor) at 6:56, Clayton Stoner (Col) for Hooking (Minor) at 14:35

2nd period

4. Avalanche , Tyler Kennedy 2 (Brad Stuart, Rene Bourque) at 1:59
5. Avalanche , Lars Eller 17 (Ryan McDonagh) at 3:01 (PP)

Penalties :
Radko Gudas (NJD) for Roughing (Minor) at 2:10, Brad Stuart (Col) for Holding (Minor) at 14:51, Clayton Stoner (Col) for Holding (Minor) at 17:24

3rd period

6. Avalanche , Ryan McDonagh 24 (Tyler Kennedy, T.J. Hensick) at 1:17
7. Devils , Drew Stafford 33 (Tyler Johnson) at 1:41
8. Avalanche , Ryan McDonagh 25 (Benoit Pouliot, Jack Campbell) at 8:43 (PP)
9. Devils , John Carlson 17 (Radko Gudas) at 12:17
10. Avalanche , Mike Ribeiro 17 (Ryan O'Reilly) at 12:43
11. Avalanche , Ryan McDonagh 26 (Tyler Kennedy, Morgan Rielly) at 18:53

Penalties :
Radko Gudas (NJD) for Hooking (Minor) at 8:16, Radko Gudas (NJD) for High sticking (Minor) at 9:24, Clayton Stoner (Col) for Holding (Minor) at 15:34

Goalie Stats

Thomas Greiss (NJD), 31 saves from 38 shots - (0.816), L, 13-10-0, 60:00 minutes
Jack Campbell (Col), 31 saves from 35 shots - (0.886), W, 4-6-0, 60:00 minutes

Players Stats for Devils

Player Name              G  A  P  +/- PIM S  H  SB GA TA FO     MP     PP MP  PK MP  
------------------------------------------------------------------------------------
Adam Burish              0  0  0   0  0   0  1  1  0  1  1/1    11:16   0:00   0:00 
Ales Hemsky              0  0  0   0  0   1  1  1  1  0  0/0    11:16   0:00   0:00 
Alex Tanguay             0  0  0   0  0   2  0  0  0  0  2/9    11:16   0:00   0:00 
Chris Mueller            0  0  0  -1  0   1  2  0  2  0  0/0     8:38   0:00   0:00 
David Warsofsky          0  0  0   1  0   1  0  0  0  0  0/0    19:30   3:56   2:20 
Drew Stafford            2  1  3   0  0   5  4  0  3  2  4/7    21:55   3:51   3:17 
Jamie McGinn             1  0  1   0  0   1  2  1  5  0  0/1    18:37   3:51   0:00 
Jay Beagle               0  0  0  -1  0   4  0  1  0  0  4/5     8:38   0:00   0:00 
John Carlson             1  0  1  -2  0   5  0  1  2  3  0/0    26:27   3:08   2:20 
Kris Versteeg            0  0  0  -1  0   1  1  1  0  1  2/2    18:11   4:07   0:00 
Matt Irwin               0  0  0   1  0   2  2  0  0  1  0/0    13:24   0:48   0:00 
Patrik Berglund          0  0  0  -1  0   2  2  0  2  0  7/16   18:11   4:07   0:00 
Radko Gudas              0  1  1  -2  6   1  2  1  1  0  0/0    15:46   0:00   0:00 
Ryan Jones               0  0  0  -1  0   1  1  0  2  0  0/0     8:38   0:00   0:00 
Scooter Vaughan          0  0  0  -1  0   0  0  1  0  0  0/0    20:09   4:02   0:57 
Scottie Upshall          0  0  0  -1  0   3  2  4  4  0  0/0    18:11   4:07   0:00 
Tim Gleason              0  0  0  -1  0   0  5  4  0  0  0/0    24:42   4:02   0:57 
Tyler Johnson            0  3  3   0  0   5  0  2  5  1  10/18  21:55   3:51   3:17 

Players Stats for Avalanche

Player Name              G  A  P  +/- PIM S  H  SB GA TA FO     MP     PP MP  PK MP  
------------------------------------------------------------------------------------
Benoit Pouliot           0  1  1   0  0   5  2  0  3  1  0/2    17:15   1:51   0:57 
Brad Stuart              0  1  1   2  2   3  3  3  3  2  0/0    20:13   0:32   2:34 
Braydon Coburn           0  0  0   1  0   2  1  5  0  3  0/0    22:22   2:45   4:13 
Clayton Stoner           0  0  0  -1  6   0  1  0  0  1  0/0    12:04   0:00   0:00 
Daniel Briere            0  0  0   0  0   0  0  0  2  0  0/0    14:50   1:51   0:00 
Joffrey Lupul            1  0  1   1  0   5  4  0  2  0  1/3    16:49   1:26   1:48 
Keaton Ellerby           0  0  0   0  0   0  0  0  0  0  0/0     5:20   0:00   0:00 
Lars Eller               1  0  1   0  0   2  1  0  2  2  10/14  17:01   1:51   1:48 
Matt Halischuk           0  0  0  -1  0   1  0  0  0  0  0/0     5:56   0:00   0:00 
Mike Ribeiro             1  1  2   1  0   3  3  0  3  0  0/1    20:30   1:26   5:00 
Morgan Rielly            0  1  1  -1  0   1  1  0  0  1  0/0    12:19   0:00   1:11 
Rene Bourque             0  1  1   2  0   0  2  0  1  0  0/0    15:09   0:00   0:00 
Rostislav Klesla         0  0  0   2  0   3  1  6  0  1  0/0    21:25   0:32   3:45 
Ryan McDonagh            3  1  4   1  0   5  2  2  0  4  0/0    27:42   2:45   4:13 
Ryan O'Reilly            0  2  2   0  0   3  0  1  0  1  12/26  24:09   1:26   4:35 
T.J. Hensick             0  1  1   2  0   0  1  0  0  0  4/9    14:47   0:00   0:00 
Tyler Kennedy            1  2  3   2  2   4  2  0  1  0  1/3    14:46   0:00   0:00 
Valeri Nichushkin        0  0  0  -1  0   1  0  0  1  0  1/1     9:20   0:00   1:48 

3 Stars

1 - Ryan McDonagh (Col)
2 - Drew Stafford (NJD)
3 - Tyler Kennedy (Col)

Power Play

Devils - 1 on 5 Attempt(s) - 20.00%
Avalanche - 2 on 3 Attempt(s) - 66.67%

Penalty Kill

Devils - 1 on 3 Attempt(s) - 33.33% - Score 0 goal in Penalty Kill
Avalanche - 4 on 5 Attempt(s) - 80.00% - Score 0 goal in Penalty Kill

Team Stat

Devils - Hits : 25 - Faceoff Wins : 30 - Blocked Shots : 18 - Penalty Minutes : 6
Avalanche - Hits : 24 - Faceoff Wins : 29 - Blocked Shots : 17 - Penalty Minutes : 10

Official

Referees : Unknown
Linesman : Unknown

Game Notes

Ryan McDonagh has scored a Hat Trick!

Finance

Level 1 -- Attendance: 5901 (98.35%) -- Ticket Income $472,080
Level 2 -- Attendance: 5000 (100.00%) -- Ticket Income $250,000
Level 3 -- Attendance: 2000 (100.00%) -- Ticket Income $54,000
Level 4 -- Attendance: 3648 (91.20%) -- Ticket Income $62,016
Luxury Box -- Attendance: 929 (92.90%) -- Ticket Income $140,279
Game was played at the Pepsi Center'
Total Attendance: 17478 (97.10%)
Total Ticket Income: $978,375
Other Income: $479,404
Total Income: $1,457,779

Devils

5 vs 5 Forward 
   Center                   Left Wing                Right Wing               Time % Phy DF OF 
 1 Tyler Johnson            Drew Stafford            Jamie McGinn             35     1   2  2  
 2 Patrik Berglund          Scottie Upshall          Kris Versteeg            30     1   2  2  
 3 Alex Tanguay             Ales Hemsky              Adam Burish              22     1   2  2  
 4 Jay Beagle               Ryan Jones               Chris Mueller            13     1   2  2  

5 vs 5 Defense 
   Defense                  Defense                                           Time % Phy DF OF 
 1 John Carlson             Radko Gudas                                       35     1   2  2  
 2 Tim Gleason              Scooter Vaughan                                   30     1   2  2  
 3 Matt Irwin               David Warsofsky                                   22     1   2  2  
 4 John Carlson             Tim Gleason                                       13     1   2  2  

PowerPlay Forward 
   Center                   Left Wing                Right Wing               Time % Phy DF OF 
 1 Tyler Johnson            Drew Stafford            Jamie McGinn             60     1   2  2  
 2 Patrik Berglund          Scottie Upshall          Kris Versteeg            40     1   2  2  

PowerPlay Defense
   Defense                  Defense                                           Time % Phy DF OF 
 1 John Carlson             David Warsofsky                                   60     1   2  2  
 2 Tim Gleason              Scooter Vaughan                                   40     1   2  2  

Penalty Kill 4 Players Forward 
   Center                   Wing                     Time % Phy DF OF 
 1 Drew Stafford            Tyler Johnson            60     1   2  2  
 2 Patrik Berglund          Jamie McGinn             40     1   2  2  

Penalty Kill 4 Players Defense
   Defense                  Defense                  Time % Phy DF OF 
 1 John Carlson             Radko Gudas              60     1   2  2  
 2 Tim Gleason              Scooter Vaughan          40     1   2  2  

Penalty Kill - 3 Players Forward 
   Forward                                           Time % Phy DF OF 
 1 Drew Stafford                                     60     1   2  2  
 2 Tyler Johnson                                     40     1   2  2  

Penalty Kill - 3 Players Defense
   Defense                  Defense                  Time % Phy DF OF 
 1 John Carlson             Radko Gudas              60     1   2  2  
 2 Tim Gleason              Scooter Vaughan          40     1   2  2  

4 vs 4 Forward 
   Center                   Wing                     Time % Phy DF OF 
 1 Drew Stafford            Tyler Johnson            60     1   2  2  
 2 Patrik Berglund          Jamie McGinn             40     1   2  2  

4 vs 4 Defense
   Defense                  Defense                  Time % Phy DF OF 
 1 John Carlson             Radko Gudas              60     1   2  2  
 2 Tim Gleason              Scooter Vaughan          40     1   2  2  

Last Minutes Offensive
   Center                   Left Wing                Right Wing               Defense                  Defense                  
   Tyler Johnson            Drew Stafford            Jamie McGinn             John Carlson             David Warsofsky          

Last Minutes Defensive
   Center                   Left Wing                Right Wing               Defense                  Defense                  
   Tyler Johnson            Drew Stafford            Jamie McGinn             John Carlson             Radko Gudas              

Goaltenders
Starting : Thomas Greiss            
Backup : Jason Missiaen           

Extra Forwards
Normal : Alex Tanguay, Jay Beagle, Scottie Upshall - PP : Alex Tanguay, Jay Beagle - PK : Scottie Upshall
Extra Defensemen
Normal : Matt Irwin, David Warsofsky, Tim Gleason - PP : Matt Irwin - PK : David Warsofsky, Tim Gleason
Penalty Shots
Drew Stafford, Tyler Johnson, Patrik Berglund, Jamie McGinn, Scottie Upshall

Avalanche

5 vs 5 Forward 
   Center                   Left Wing                Right Wing               Time % Phy DF OF 
 1 Ryan O'Reilly            Mike Ribeiro             Joffrey Lupul            35     1   2  2  
 2 Lars Eller               Benoit Pouliot           Daniel Briere            30     1   2  2  
 3 T.J. Hensick             Rene Bourque             Tyler Kennedy            22     1   2  2  
 4 Ryan O'Reilly            Valeri Nichushkin        Matt Halischuk           13     1   2  2  

5 vs 5 Defense 
   Defense                  Defense                                           Time % Phy DF OF 
 1 Ryan McDonagh            Braydon Coburn                                    35     1   2  2  
 2 Brad Stuart              Rostislav Klesla                                  30     1   2  2  
 3 Clayton Stoner           Morgan Rielly                                     22     1   2  2  
 4 Keaton Ellerby           Ryan McDonagh                                     13     1   2  2  

PowerPlay Forward 
   Center                   Left Wing                Right Wing               Time % Phy DF OF 
 1 Ryan O'Reilly            Mike Ribeiro             Joffrey Lupul            60     1   2  2  
 2 Lars Eller               Benoit Pouliot           Daniel Briere            40     1   2  2  

PowerPlay Defense
   Defense                  Defense                                           Time % Phy DF OF 
 1 Ryan McDonagh            Braydon Coburn                                    60     1   2  2  
 2 Brad Stuart              Rostislav Klesla                                  40     1   2  2  

Penalty Kill 4 Players Forward 
   Center                   Wing                     Time % Phy DF OF 
 1 Ryan O'Reilly            Mike Ribeiro             60     1   2  2  
 2 Joffrey Lupul            Lars Eller               40     1   2  2  

Penalty Kill 4 Players Defense
   Defense                  Defense                  Time % Phy DF OF 
 1 Ryan McDonagh            Braydon Coburn           60     1   2  2  
 2 Brad Stuart              Rostislav Klesla         40     1   2  2  

Penalty Kill - 3 Players Forward 
   Forward                                           Time % Phy DF OF 
 1 Ryan O'Reilly                                     60     1   2  2  
 2 Mike Ribeiro                                      40     1   2  2  

Penalty Kill - 3 Players Defense
   Defense                  Defense                  Time % Phy DF OF 
 1 Ryan McDonagh            Braydon Coburn           60     1   2  2  
 2 Brad Stuart              Rostislav Klesla         40     1   2  2  

4 vs 4 Forward 
   Center                   Wing                     Time % Phy DF OF 
 1 Ryan O'Reilly            Mike Ribeiro             60     1   2  2  
 2 Joffrey Lupul            Lars Eller               40     1   2  2  

4 vs 4 Defense
   Defense                  Defense                  Time % Phy DF OF 
 1 Ryan McDonagh            Braydon Coburn           60     1   2  2  
 2 Brad Stuart              Rostislav Klesla         40     1   2  2  

Last Minutes Offensive
   Center                   Left Wing                Right Wing               Defense                  Defense                  
   Ryan O'Reilly            Mike Ribeiro             Joffrey Lupul            Ryan McDonagh            Braydon Coburn           

Last Minutes Defensive
   Center                   Left Wing                Right Wing               Defense                  Defense                  
   Ryan O'Reilly            Mike Ribeiro             Joffrey Lupul            Ryan McDonagh            Braydon Coburn           

Goaltenders
Starting : Jack Campbell            
Backup : Viktor Fasth             

Extra Forwards
Normal : Rene Bourque, Tyler Kennedy, Valeri Nichushkin - PP : Rene Bourque, Tyler Kennedy - PK : Valeri Nichushkin
Extra Defensemen
Normal : Clayton Stoner, Morgan Rielly, Keaton Ellerby - PP : Clayton Stoner - PK : Morgan Rielly, Keaton Ellerby
Penalty Shots
Ryan O'Reilly, Mike Ribeiro, Joffrey Lupul, Lars Eller, Benoit Pouliot

% Time on Ice - Devils

Lines # - Real PCT - Wanted PCT - Time Play
Normal Forward
1 - 30% - 35% - 14:47
2 - 29% - 30% - 14:04
3 - 23% - 22% - 11:16
4 - 18% - 13% - 8:38
Normal Defense
1 - 34% - 35% - 16:26
2 - 31% - 30% - 15:10
3 - 26% - 22% - 12:36
4 - 9% - 13% - 4:33
PP Forward
1 - 48% - 60% - 3:51
2 - 52% - 40% - 4:07
PP Defense
1 - 49% - 60% - 3:56
2 - 51% - 40% - 4:02
PK Forward
1 - 100% - 60% - 3:17
2 - 0% - 40% - 0:00
PK Defense
1 - 71% - 60% - 2:20
2 - 29% - 40% - 0:57
PK3 Forward
1 - 0% - 60%
2 - 0% - 40%
PK3 Defense
1 - 0% - 60%
2 - 0% - 40%
44 Forward
1 - 0% - 60%
2 - 0% - 40%
44 Defense
1 - 0% - 60%
2 - 0% - 40%
Last Minute Offensive  - 0:00
Last Minute Defensive  - 0:00
Total
Forward - 60:00
Defense - 60:00

% Time on Ice - Avalanche

Lines # - Real PCT - Wanted PCT - Time Play
Normal Forward
1 - 30% - 35% - 14:40
2 - 27% - 30% - 13:22
3 - 30% - 22% - 14:47
4 - 12% - 13% - 5:56
Normal Defense
1 - 32% - 35% - 15:24
2 - 35% - 30% - 17:08
3 - 22% - 22% - 10:53
4 - 11% - 13% - 5:20
PP Forward
1 - 44% - 60% - 1:26
2 - 56% - 40% - 1:51
PP Defense
1 - 84% - 60% - 2:45
2 - 16% - 40% - 0:32
PK Forward
1 - 77% - 60% - 6:10
2 - 23% - 40% - 1:48
PK Defense
1 - 53% - 60% - 4:13
2 - 47% - 40% - 3:45
PK3 Forward
1 - 0% - 60%
2 - 0% - 40%
PK3 Defense
1 - 0% - 60%
2 - 0% - 40%
44 Forward
1 - 0% - 60%
2 - 0% - 40%
44 Defense
1 - 0% - 60%
2 - 0% - 40%
Last Minute Offensive  - 0:00
Last Minute Defensive  - 0:00
Total
Forward - 60:00
Defense - 60:00

Play by Play

1st period


0:01 of 1st period - Tyler Johnson wins face-off versus Ryan O'Reilly in neutral zone.
0:38 of 1st period - Wrist shot by Joffrey Lupul.
0:38 of 1st period - Stopped by Thomas Greiss without a rebound.
0:39 of 1st period - Lars Eller wins face-off versus Patrik Berglund in Devils zone.
1:12 of 1st period - Backhand shot by Benoit Pouliot.
1:12 of 1st period - Shot Blocked by Scottie Upshall.
1:31 of 1st period - T.J. Hensick is hit by Tim Gleason and loses puck.
1:43 of 1st period - Scooter Vaughan is hit by Rene Bourque and loses puck.
1:52 of 1st period - Slapshot by Tyler Kennedy.
1:52 of 1st period - Shot Misses the Net.
1:54 of 1st period - Slapshot by Ryan McDonagh.
1:54 of 1st period - Shot Blocked by Tim Gleason.
2:10 of 1st period - Matt Halischuk is hit by Chris Mueller and loses puck.
2:35 of 1st period - Slapshot by Ryan O'Reilly.
2:35 of 1st period - Stopped by Thomas Greiss without a rebound.
2:36 of 1st period - Ryan O'Reilly wins face-off versus Tyler Johnson in Devils zone.
2:46 of 1st period - Snap shot by Mike Ribeiro.
2:46 of 1st period - Stopped by Thomas Greiss with a rebound.
3:38 of 1st period - Daniel Briere is hit by Kris Versteeg and loses puck.
3:49 of 1st period - Matt Irwin is hit by Morgan Rielly and loses puck.
4:06 of 1st period - Snap shot by Tyler Kennedy.
4:06 of 1st period - Deflect By Rene Bourque.
4:06 of 1st period - Shot Blocked by Scottie Upshall.
4:06 of 1st period - Puck is out of play.
4:07 of 1st period - Alex Tanguay wins face-off versus Tyler Kennedy in Devils zone.
4:22 of 1st period - Braydon Coburn is hit by Adam Burish and loses puck.
5:03 of 1st period - David Warsofsky is hit by Mike Ribeiro and loses puck.
5:45 of 1st period - Jamie McGinn is hit by Ryan McDonagh and loses puck.
6:08 of 1st period - Rostislav Klesla is hit by Radko Gudas and loses puck.
6:21 of 1st period - Tyler Kennedy is hit by Patrik Berglund and loses puck.
6:56 of 1st period - Minor Penalty to Tyler Kennedy for High sticking.
6:57 of 1st period - Tyler Johnson wins face-off versus Ryan O'Reilly in Avalanche zone.
6:58 of 1st period - Wrist shot by Drew Stafford.
6:58 of 1st period - Goal by Drew Stafford - Devils : 1 - Avalanche : 0.
6:59 of 1st period - Tyler Johnson wins face-off versus Joffrey Lupul in neutral zone.
7:20 of 1st period - Snap shot by Drew Stafford.
7:20 of 1st period - Stopped by Jack Campbell with a rebound.
7:32 of 1st period - Snap shot by Joffrey Lupul.
7:32 of 1st period - Goal by Joffrey Lupul - Devils : 1 - Avalanche : 1.
7:33 of 1st period - Lars Eller wins face-off versus Alex Tanguay in neutral zone.
8:48 of 1st period - Wrist shot by Kris Versteeg.
8:48 of 1st period - Shot Misses the Net.
8:50 of 1st period - Slapshot by John Carlson.
8:50 of 1st period - Shot Misses the Net.
9:08 of 1st period - Braydon Coburn is hit by Drew Stafford.
9:25 of 1st period - Slapshot by Tyler Kennedy.
9:25 of 1st period - Stopped by Thomas Greiss without a rebound.
9:26 of 1st period - Jay Beagle wins face-off versus Ryan O'Reilly in Devils zone.
9:42 of 1st period - Snap shot by Ryan Jones.
9:42 of 1st period - Shot Misses the Net.
9:44 of 1st period - Slapshot by David Warsofsky.
9:44 of 1st period - Deflect By Jay Beagle.
9:44 of 1st period - Stopped by Jack Campbell with a rebound.
9:46 of 1st period - Wrist shot by Ryan Jones.
9:46 of 1st period - Shot Misses the Net.
9:48 of 1st period - Slapshot by David Warsofsky.
9:48 of 1st period - Deflect By Chris Mueller.
9:48 of 1st period - Shot Hit the Post.
9:48 of 1st period - Puck is out of play.
9:49 of 1st period - Lars Eller wins face-off versus Alex Tanguay in Avalanche zone.
9:54 of 1st period - Tim Gleason is hit by Benoit Pouliot.
10:23 of 1st period - Off-side.
10:24 of 1st period - Tyler Johnson wins face-off versus T.J. Hensick in neutral zone.
10:29 of 1st period - Snap shot by Tyler Johnson.
10:29 of 1st period - Stopped by Jack Campbell with a rebound.
10:31 of 1st period - Wrist shot by Drew Stafford.
10:31 of 1st period - Shot Misses the Net.
10:33 of 1st period - Snap shot by Drew Stafford.
10:33 of 1st period - Stopped by Jack Campbell with a rebound.
11:00 of 1st period - Wrist shot by Drew Stafford.
11:00 of 1st period - Shot Misses the Net.
11:02 of 1st period - Snap shot by Jamie McGinn.
11:02 of 1st period - Goal by Jamie McGinn - Devils : 2 - Avalanche : 1.
11:03 of 1st period - Patrik Berglund wins face-off versus Ryan O'Reilly in neutral zone.
11:58 of 1st period - Tim Gleason is hit by Rostislav Klesla and loses puck.
12:17 of 1st period - Wrist shot by Benoit Pouliot.
12:17 of 1st period - Stopped by Thomas Greiss with a rebound.
12:50 of 1st period - Slapshot by Ales Hemsky.
12:50 of 1st period - Shot Misses the Net.
12:52 of 1st period - Slapshot by Alex Tanguay.
12:52 of 1st period - Stopped by Jack Campbell without a rebound.
12:53 of 1st period - Adam Burish wins face-off versus Ryan O'Reilly in Avalanche zone.
13:12 of 1st period - Wrist shot by Valeri Nichushkin.
13:12 of 1st period - Shot Misses the Net.
13:46 of 1st period - Chris Mueller is hit by Tyler Kennedy and loses puck.
14:00 of 1st period - Tyler Kennedy is hit by Ryan Jones and loses puck.
14:24 of 1st period - Off-side.
14:25 of 1st period - Lars Eller wins face-off versus Patrik Berglund in neutral zone.
14:35 of 1st period - Minor Penalty to Clayton Stoner for Hooking.
14:36 of 1st period - Drew Stafford wins face-off versus Ryan O'Reilly in Avalanche zone.
15:28 of 1st period - Scooter Vaughan is hit by Braydon Coburn and loses puck.
15:51 of 1st period - Ryan O'Reilly is hit by Scottie Upshall.
16:35 of 1st period - Penalty to Clayton Stoner is over, Clayton Stoner is back on ice.
16:52 of 1st period - Wrist shot by Morgan Rielly.
16:52 of 1st period - Shot Blocked by Tim Gleason.
16:54 of 1st period - Snap shot by Lars Eller.
16:54 of 1st period - Shot Misses the Net.
17:08 of 1st period - Slapshot by Morgan Rielly.
17:08 of 1st period - Deflect By Scottie Upshall.
17:08 of 1st period - Stopped by Thomas Greiss without a rebound.
17:09 of 1st period - Tyler Johnson wins face-off versus T.J. Hensick in Devils zone.
17:16 of 1st period - Wrist shot by John Carlson.
17:16 of 1st period - Stopped by Jack Campbell with a rebound.
17:28 of 1st period - Slapshot by John Carlson.
17:28 of 1st period - Stopped by Jack Campbell with a rebound.
17:30 of 1st period - Snap shot by Radko Gudas.
17:30 of 1st period - Stopped by Jack Campbell with a rebound.
17:32 of 1st period - Wrist shot by Tyler Johnson.
17:32 of 1st period - Stopped by Jack Campbell without a rebound.
17:33 of 1st period - Lars Eller wins face-off versus Alex Tanguay in Avalanche zone.
18:12 of 1st period - Slapshot by Valeri Nichushkin.
18:12 of 1st period - Shot Misses the Net.
18:16 of 1st period - Wrist shot by Ryan O'Reilly.
18:16 of 1st period - Stopped by Thomas Greiss with a rebound.
18:18 of 1st period - Wrist shot by Matt Halischuk.
18:18 of 1st period - Deflect By Ales Hemsky.
18:18 of 1st period - Stopped by Thomas Greiss without a rebound.
18:19 of 1st period - Ryan O'Reilly wins face-off versus Tyler Johnson in Devils zone.
19:06 of 1st period - Slapshot by Rene Bourque.
19:06 of 1st period - Shot Misses the Net.
19:08 of 1st period - Slapshot by T.J. Hensick.
19:08 of 1st period - Shot Misses the Net.
19:34 of 1st period - Slapshot by Matt Irwin.
19:34 of 1st period - Stopped by Jack Campbell with a rebound.
19:36 of 1st period - Slapshot by Matt Irwin.
19:36 of 1st period - Shot Misses the Net.
19:38 of 1st period - Snap shot by Jay Beagle.
19:38 of 1st period - Shot Misses the Net.
Goals for this period are 2 for Devils vs 1 for Avalanche.
Shots for this period are 12 for Devils vs 9 for Avalanche.

2nd period


0:01 of 2nd period - Patrik Berglund wins face-off versus Ryan O'Reilly in neutral zone.
0:04 of 2nd period - Snap shot by Scottie Upshall.
0:04 of 2nd period - Shot Misses the Net.
0:06 of 2nd period - Snap shot by Patrik Berglund.
0:06 of 2nd period - Shot Blocked by Ryan O'Reilly.
0:08 of 2nd period - Snap shot by Kris Versteeg.
0:08 of 2nd period - Shot Misses the Net.
0:10 of 2nd period - Backhand shot by Patrik Berglund.
0:10 of 2nd period - Shot Blocked by Braydon Coburn.
1:09 of 2nd period - Snap shot by Benoit Pouliot.
1:09 of 2nd period - Stopped by Thomas Greiss without a rebound.
1:10 of 2nd period - Alex Tanguay wins face-off versus Benoit Pouliot in Devils zone.
1:15 of 2nd period - Slapshot by John Carlson.
1:15 of 2nd period - Deflect By Ales Hemsky.
1:15 of 2nd period - Stopped by Jack Campbell without a rebound.
1:16 of 2nd period - T.J. Hensick wins face-off versus Alex Tanguay in Avalanche zone.
1:35 of 2nd period - Slapshot by Rene Bourque.
1:35 of 2nd period - Deflect By Tyler Kennedy.
1:35 of 2nd period - Shot Blocked by Adam Burish.
1:35 of 2nd period - Puck is out of play.
1:36 of 2nd period - Tyler Kennedy wins face-off versus Tyler Johnson in Devils zone.
1:45 of 2nd period - Wrist shot by Tyler Kennedy.
1:45 of 2nd period - Stopped by Thomas Greiss with a rebound.
1:53 of 2nd period - Wrist shot by Tyler Kennedy.
1:53 of 2nd period - Shot Misses the Net.
1:55 of 2nd period - Slapshot by Tyler Kennedy.
1:55 of 2nd period - Stopped by Thomas Greiss with a rebound.
1:57 of 2nd period - Slapshot by Brad Stuart.
1:57 of 2nd period - Shot Blocked by Jamie McGinn.
1:59 of 2nd period - Wrist shot by Tyler Kennedy.
1:59 of 2nd period - Goal by Tyler Kennedy - Devils : 2 - Avalanche : 2.
2:00 of 2nd period - Ryan O'Reilly wins face-off versus Patrik Berglund in neutral zone.
2:10 of 2nd period - Minor Penalty to Radko Gudas for Roughing.
2:11 of 2nd period - Drew Stafford wins face-off versus Ryan O'Reilly in Devils zone.
2:35 of 2nd period - Wrist shot by Drew Stafford.
2:35 of 2nd period - Stopped by Jack Campbell with a rebound.
3:01 of 2nd period - Snap shot by Lars Eller.
3:01 of 2nd period - Goal by Lars Eller - Devils : 2 - Avalanche : 3.
3:02 of 2nd period - Kris Versteeg wins face-off versus Lars Eller in neutral zone.
3:07 of 2nd period - Snap shot by Patrik Berglund.
3:07 of 2nd period - Shot Misses the Net.
3:09 of 2nd period - Wrist shot by Patrik Berglund.
3:09 of 2nd period - Stopped by Jack Campbell without a rebound.
3:10 of 2nd period - Lars Eller wins face-off versus Patrik Berglund in Avalanche zone.
3:29 of 2nd period - Slapshot by Scottie Upshall.
3:29 of 2nd period - Stopped by Jack Campbell without a rebound.
3:30 of 2nd period - Ryan O'Reilly wins face-off versus Tyler Johnson in Avalanche zone.
3:59 of 2nd period - Snap shot by Drew Stafford.
3:59 of 2nd period - Shot Misses the Net.
4:22 of 2nd period - Ryan O'Reilly is hit by Radko Gudas and loses puck.
5:05 of 2nd period - Wrist shot by Benoit Pouliot.
5:05 of 2nd period - Shot Misses the Net.
5:28 of 2nd period - Clayton Stoner is hit by Tim Gleason and loses puck.
5:43 of 2nd period - Snap shot by Jay Beagle.
5:43 of 2nd period - Stopped by Jack Campbell with a rebound.
5:45 of 2nd period - Backhand shot by Ryan Jones.
5:45 of 2nd period - Shot Misses the Net.
5:47 of 2nd period - Snap shot by Chris Mueller.
5:47 of 2nd period - Stopped by Jack Campbell with a rebound.
5:49 of 2nd period - Slapshot by Jay Beagle.
5:49 of 2nd period - Deflect By Ryan Jones.
5:49 of 2nd period - Shot Misses the Net.
5:49 of 2nd period - Puck is out of play.
5:50 of 2nd period - Jay Beagle wins face-off versus T.J. Hensick in Avalanche zone.
6:39 of 2nd period - Valeri Nichushkin is hit by Drew Stafford and loses puck.
7:47 of 2nd period - John Carlson is hit by Clayton Stoner and loses puck.
8:00 of 2nd period - T.J. Hensick is hit by Patrik Berglund and loses puck.
8:09 of 2nd period - John Carlson is hit by T.J. Hensick.
8:50 of 2nd period - Benoit Pouliot is hit by Ales Hemsky and loses puck.
9:21 of 2nd period - Snap shot by Valeri Nichushkin.
9:21 of 2nd period - Stopped by Thomas Greiss with a rebound.
9:23 of 2nd period - Slapshot by Rostislav Klesla.
9:23 of 2nd period - Deflect By John Carlson.
9:23 of 2nd period - Stopped by Thomas Greiss with a rebound.
9:25 of 2nd period - Wrist shot by Brad Stuart.
9:25 of 2nd period - Stopped by Thomas Greiss with a rebound.
9:35 of 2nd period - Radko Gudas is hit by Lars Eller and loses puck.
10:08 of 2nd period - Ryan Jones is hit by Mike Ribeiro and loses puck.
10:54 of 2nd period - Snap shot by Rene Bourque.
10:54 of 2nd period - Shot Misses the Net.
10:56 of 2nd period - Slapshot by Ryan McDonagh.
10:56 of 2nd period - Shot Blocked by Jay Beagle.
11:45 of 2nd period - Slapshot by Scooter Vaughan.
11:45 of 2nd period - Shot Blocked by Braydon Coburn.
12:03 of 2nd period - Slapshot by Scottie Upshall.
12:03 of 2nd period - Shot Blocked by Braydon Coburn.
12:05 of 2nd period - Slapshot by Matt Irwin.
12:05 of 2nd period - Shot Misses the Net.
12:15 of 2nd period - Slapshot by Scottie Upshall.
12:15 of 2nd period - Stopped by Jack Campbell with a rebound.
12:17 of 2nd period - Slapshot by Matt Irwin.
12:17 of 2nd period - Deflect By Patrik Berglund.
12:17 of 2nd period - Shot Blocked by Ryan McDonagh.
12:17 of 2nd period - Puck is out of play.
12:18 of 2nd period - Ryan O'Reilly wins face-off versus Patrik Berglund in Avalanche zone.
12:18 of 2nd period - Ryan O'Reilly is hit by Matt Irwin.
12:24 of 2nd period - David Warsofsky is hit by Joffrey Lupul and loses puck.
12:35 of 2nd period - Brad Stuart is hit by Matt Irwin and loses puck.
12:56 of 2nd period - Wrist shot by Tyler Johnson.
12:56 of 2nd period - Stopped by Jack Campbell with a rebound.
12:58 of 2nd period - Slapshot by Tyler Johnson.
12:58 of 2nd period - Shot Blocked by Rostislav Klesla.
13:24 of 2nd period - Slapshot by Morgan Rielly.
13:24 of 2nd period - Shot Misses the Net.
14:48 of 2nd period - Slapshot by Matt Irwin.
14:48 of 2nd period - Deflect By Kris Versteeg.
14:48 of 2nd period - Shot Misses the Net.
14:48 of 2nd period - Puck is out of play.
14:49 of 2nd period - T.J. Hensick wins face-off versus Patrik Berglund in Avalanche zone.
14:51 of 2nd period - Minor Penalty to Brad Stuart for Holding.
14:52 of 2nd period - Ryan O'Reilly wins face-off versus Jamie McGinn in Avalanche zone.
15:28 of 2nd period - Wrist shot by Tyler Johnson.
15:28 of 2nd period - Stopped by Jack Campbell without a rebound.
15:29 of 2nd period - Valeri Nichushkin wins face-off versus Patrik Berglund in Avalanche zone.
15:38 of 2nd period - Valeri Nichushkin is hit by Scottie Upshall and loses puck.
16:01 of 2nd period - Snap shot by Kris Versteeg.
16:01 of 2nd period - Shot Blocked by Ryan McDonagh.
16:03 of 2nd period - Slapshot by Matt Irwin.
16:03 of 2nd period - Shot Blocked by Braydon Coburn.
16:05 of 2nd period - Slapshot by David Warsofsky.
16:05 of 2nd period - Deflect By Ryan McDonagh.
16:05 of 2nd period - Stopped by Jack Campbell with a rebound.
16:07 of 2nd period - Slapshot by Matt Irwin.
16:07 of 2nd period - Stopped by Jack Campbell with a rebound.
16:47 of 2nd period - Ryan O'Reilly is hit by Jamie McGinn and loses puck.
16:51 of 2nd period - Penalty to Brad Stuart is over, Brad Stuart is back on ice.
17:02 of 2nd period - Ryan O'Reilly is hit by Drew Stafford.
17:12 of 2nd period - Tyler Kennedy is hit by Tim Gleason and loses puck.
17:24 of 2nd period - Minor Penalty to Clayton Stoner for Holding.
17:25 of 2nd period - Patrik Berglund wins face-off versus Ryan O'Reilly in Avalanche zone.
17:59 of 2nd period - John Carlson is hit by Joffrey Lupul and loses puck.
18:11 of 2nd period - Patrik Berglund is hit by Joffrey Lupul.
19:05 of 2nd period - Drew Stafford is hit by Brad Stuart and loses puck.
19:24 of 2nd period - Penalty to Clayton Stoner is over, Clayton Stoner is back on ice.
19:40 of 2nd period - Wrist shot by Benoit Pouliot.
19:40 of 2nd period - Deflect By Valeri Nichushkin.
19:40 of 2nd period - Shot Blocked by Tim Gleason.
19:40 of 2nd period - Puck is out of play.
19:41 of 2nd period - T.J. Hensick wins face-off versus Alex Tanguay in Devils zone.
19:52 of 2nd period - Slapshot by Tyler Kennedy.
19:52 of 2nd period - Shot Misses the Net.
19:54 of 2nd period - Wrist shot by Tyler Kennedy.
19:54 of 2nd period - Shot Blocked by Ales Hemsky.
19:56 of 2nd period - Slapshot by Clayton Stoner.
19:56 of 2nd period - Shot Misses the Net.
19:58 of 2nd period - Wrist shot by Tyler Kennedy.
19:58 of 2nd period - Shot Misses the Net.
Goals for this period are 0 for Devils vs 2 for Avalanche.
Shots for this period are 11 for Devils vs 8 for Avalanche.

3rd period


0:01 of 3rd period - Joffrey Lupul wins face-off versus Tyler Johnson in neutral zone.
0:32 of 3rd period - Slapshot by Mike Ribeiro.
0:32 of 3rd period - Shot Misses the Net.
0:34 of 3rd period - Slapshot by Ryan McDonagh.
0:34 of 3rd period - Stopped by Thomas Greiss with a rebound.
0:36 of 3rd period - Slapshot by Ryan McDonagh.
0:36 of 3rd period - Stopped by Thomas Greiss with a rebound.
0:38 of 3rd period - Snap shot by Braydon Coburn.
0:38 of 3rd period - Stopped by Thomas Greiss without a rebound.
0:39 of 3rd period - Patrik Berglund wins face-off versus Benoit Pouliot in Devils zone.
0:48 of 3rd period - Slapshot by Scottie Upshall.
0:48 of 3rd period - Shot Misses the Net.
0:54 of 3rd period - Scooter Vaughan is hit by Brad Stuart and loses puck.
1:09 of 3rd period - Wrist shot by Daniel Briere.
1:09 of 3rd period - Shot Blocked by Kris Versteeg.
1:11 of 3rd period - Wrist shot by Lars Eller.
1:11 of 3rd period - Stopped by Thomas Greiss without a rebound.
1:12 of 3rd period - T.J. Hensick wins face-off versus Alex Tanguay in Devils zone.
1:17 of 3rd period - Slapshot by Ryan McDonagh.
1:17 of 3rd period - Goal by Ryan McDonagh - Devils : 2 - Avalanche : 4.
1:18 of 3rd period - Tyler Johnson wins face-off versus Ryan O'Reilly in neutral zone.
1:21 of 3rd period - Slapshot by John Carlson.
1:21 of 3rd period - Stopped by Jack Campbell with a rebound.
1:31 of 3rd period - Slapshot by Joffrey Lupul.
1:31 of 3rd period - Shot Misses the Net.
1:33 of 3rd period - Snap shot by Braydon Coburn.
1:33 of 3rd period - Stopped by Thomas Greiss without a rebound.
1:34 of 3rd period - Tyler Johnson wins face-off versus Ryan O'Reilly in Devils zone.
1:41 of 3rd period - Snap shot by Drew Stafford.
1:41 of 3rd period - Goal by Drew Stafford - Devils : 3 - Avalanche : 4.
1:42 of 3rd period - Ryan O'Reilly wins face-off versus Tyler Johnson in neutral zone.
2:01 of 3rd period - Snap shot by Ryan O'Reilly.
2:01 of 3rd period - Shot Blocked by Radko Gudas.
2:09 of 3rd period - Snap shot by Joffrey Lupul.
2:09 of 3rd period - Stopped by Thomas Greiss without a rebound.
2:10 of 3rd period - Lars Eller wins face-off versus Patrik Berglund in Devils zone.
2:13 of 3rd period - Slapshot by Benoit Pouliot.
2:13 of 3rd period - Stopped by Thomas Greiss with a rebound.
2:15 of 3rd period - Slapshot by Brad Stuart.
2:15 of 3rd period - Stopped by Thomas Greiss with a rebound.
2:17 of 3rd period - Wrist shot by Daniel Briere.
2:17 of 3rd period - Shot Blocked by Tim Gleason.
2:19 of 3rd period - Snap shot by Benoit Pouliot.
2:19 of 3rd period - Shot Blocked by Scottie Upshall.
2:21 of 3rd period - Slapshot by Rostislav Klesla.
2:21 of 3rd period - Stopped by Thomas Greiss with a rebound.
3:06 of 3rd period - John Carlson is hit by Rene Bourque and loses puck.
3:12 of 3rd period - Matt Irwin is hit by Tyler Kennedy and loses puck.
3:38 of 3rd period - Snap shot by Ales Hemsky.
3:38 of 3rd period - Shot Misses the Net.
4:04 of 3rd period - Snap shot by Tyler Johnson.
4:04 of 3rd period - Shot Blocked by Rostislav Klesla.
4:06 of 3rd period - Snap shot by Tyler Johnson.
4:06 of 3rd period - Stopped by Jack Campbell without a rebound.
4:07 of 3rd period - Jay Beagle wins face-off versus Mike Ribeiro in Avalanche zone.
4:08 of 3rd period - Slapshot by John Carlson.
4:08 of 3rd period - Stopped by Jack Campbell without a rebound.
4:09 of 3rd period - Ryan O'Reilly wins face-off versus Jay Beagle in Avalanche zone.
4:09 of 3rd period - Ryan O'Reilly is hit by Chris Mueller.
5:05 of 3rd period - Tyler Johnson is hit by Benoit Pouliot and loses puck.
5:26 of 3rd period - Snap shot by Benoit Pouliot.
5:26 of 3rd period - Shot Blocked by Tyler Johnson.
5:28 of 3rd period - Snap shot by Benoit Pouliot.
5:28 of 3rd period - Shot Misses the Net.
5:48 of 3rd period - Snap shot by Ryan O'Reilly.
5:48 of 3rd period - Stopped by Thomas Greiss with a rebound.
6:10 of 3rd period - Keaton Ellerby is hit by Tim Gleason and loses puck.
7:23 of 3rd period - Snap shot by Ryan Jones.
7:23 of 3rd period - Shot Blocked by Rostislav Klesla.
7:25 of 3rd period - Snap shot by Ryan Jones.
7:25 of 3rd period - Shot Misses the Net.
7:27 of 3rd period - Backhand shot by John Carlson.
7:27 of 3rd period - Shot Blocked by Rostislav Klesla.
7:29 of 3rd period - Slapshot by Radko Gudas.
7:29 of 3rd period - Shot Blocked by Brad Stuart.
7:31 of 3rd period - Slapshot by John Carlson.
7:31 of 3rd period - Shot Misses the Net.
7:37 of 3rd period - Slapshot by Jay Beagle.
7:37 of 3rd period - Stopped by Jack Campbell with a rebound.
7:53 of 3rd period - Clayton Stoner is hit by Jamie McGinn and loses puck.
8:16 of 3rd period - Minor Penalty to Radko Gudas for Hooking.
8:17 of 3rd period - Lars Eller wins face-off versus Tyler Johnson in Devils zone.
8:17 of 3rd period - Snap shot by Benoit Pouliot.
8:17 of 3rd period - Shot Misses the Net.
8:19 of 3rd period - Snap shot by Braydon Coburn.
8:19 of 3rd period - Shot Blocked by Tyler Johnson.
8:21 of 3rd period - Slapshot by Ryan McDonagh.
8:21 of 3rd period - Shot Misses the Net.
8:23 of 3rd period - Slapshot by Ryan McDonagh.
8:23 of 3rd period - Deflect By Daniel Briere.
8:23 of 3rd period - Shot Misses the Net.
8:23 of 3rd period - Puck is out of play.
8:24 of 3rd period - Lars Eller wins face-off versus Drew Stafford in Devils zone.
8:43 of 3rd period - Slapshot by Ryan McDonagh.
8:43 of 3rd period - Goal by Ryan McDonagh - Devils : 3 - Avalanche : 5.
8:44 of 3rd period - Patrik Berglund wins face-off versus Joffrey Lupul in neutral zone.
8:59 of 3rd period - Snap shot by Patrik Berglund.
8:59 of 3rd period - Stopped by Jack Campbell with a rebound.
9:19 of 3rd period - Snap shot by Scottie Upshall.
9:19 of 3rd period - Shot Blocked by Rostislav Klesla.
9:24 of 3rd period - Minor Penalty to Radko Gudas for High sticking.
9:25 of 3rd period - Lars Eller wins face-off versus Drew Stafford in Devils zone.
9:25 of 3rd period - Snap shot by Benoit Pouliot.
9:25 of 3rd period - Stopped by Thomas Greiss without a rebound.
9:26 of 3rd period - Drew Stafford wins face-off versus Lars Eller in Devils zone.
9:39 of 3rd period - Slapshot by Ryan McDonagh.
9:39 of 3rd period - Shot Blocked by John Carlson.
9:41 of 3rd period - Snap shot by Benoit Pouliot.
9:41 of 3rd period - Stopped by Thomas Greiss with a rebound.
10:17 of 3rd period - Slapshot by Joffrey Lupul.
10:17 of 3rd period - Stopped by Thomas Greiss without a rebound.
10:18 of 3rd period - Ryan O'Reilly wins face-off versus Drew Stafford in Devils zone.
10:47 of 3rd period - Snap shot by Ryan O'Reilly.
10:47 of 3rd period - Deflect By Mike Ribeiro.
10:47 of 3rd period - Stopped by Thomas Greiss without a rebound.
10:48 of 3rd period - Drew Stafford wins face-off versus Lars Eller in Devils zone.
11:24 of 3rd period - Penalty to Radko Gudas is over, Radko Gudas is back on ice.
11:38 of 3rd period - Snap shot by Joffrey Lupul.
11:38 of 3rd period - Stopped by Thomas Greiss with a rebound.
11:40 of 3rd period - Snap shot by Rostislav Klesla.
11:40 of 3rd period - Stopped by Thomas Greiss without a rebound.
11:41 of 3rd period - Patrik Berglund wins face-off versus T.J. Hensick in Devils zone.
12:00 of 3rd period - Snap shot by Rene Bourque.
12:00 of 3rd period - Shot Misses the Net.
12:02 of 3rd period - Slapshot by Rostislav Klesla.
12:02 of 3rd period - Shot Blocked by Scooter Vaughan.
12:04 of 3rd period - Slapshot by Brad Stuart.
12:04 of 3rd period - Shot Blocked by Scottie Upshall.
12:06 of 3rd period - Slapshot by Brad Stuart.
12:06 of 3rd period - Stopped by Thomas Greiss without a rebound.
12:07 of 3rd period - Ryan O'Reilly wins face-off versus Alex Tanguay in Devils zone.
12:17 of 3rd period - Wrist shot by John Carlson.
12:17 of 3rd period - Goal by John Carlson - Devils : 4 - Avalanche : 5.
12:18 of 3rd period - Patrik Berglund wins face-off versus Ryan O'Reilly in neutral zone.
12:21 of 3rd period - Snap shot by Patrik Berglund.
12:21 of 3rd period - Shot Blocked by Braydon Coburn.
12:33 of 3rd period - Snap shot by Kris Versteeg.
12:33 of 3rd period - Stopped by Jack Campbell with a rebound.
12:35 of 3rd period - Backhand shot by Tim Gleason.
12:35 of 3rd period - Deflect By Scottie Upshall.
12:35 of 3rd period - Deflect By Ryan McDonagh.
12:35 of 3rd period - Stopped by Jack Campbell with a rebound.
12:37 of 3rd period - Snap shot by Tim Gleason.
12:37 of 3rd period - Deflect By Patrik Berglund.
12:37 of 3rd period - Shot Misses the Net.
12:37 of 3rd period - Puck is out of play.
12:38 of 3rd period - Ryan O'Reilly wins face-off versus Patrik Berglund in Avalanche zone.
12:43 of 3rd period - Slapshot by Mike Ribeiro.
12:43 of 3rd period - Goal by Mike Ribeiro - Devils : 4 - Avalanche : 6.
12:44 of 3rd period - Tyler Johnson wins face-off versus Ryan O'Reilly in neutral zone.
12:54 of 3rd period - Braydon Coburn is hit by Drew Stafford and loses puck.
14:25 of 3rd period - Braydon Coburn is hit by Tim Gleason and loses puck.
14:37 of 3rd period - Scooter Vaughan is hit by Ryan McDonagh and loses puck.
15:21 of 3rd period - Snap shot by Jay Beagle.
15:21 of 3rd period - Shot Misses the Net.
15:23 of 3rd period - Wrist shot by Jay Beagle.
15:23 of 3rd period - Stopped by Jack Campbell with a rebound.
15:25 of 3rd period - Wrist shot by David Warsofsky.
15:25 of 3rd period - Shot Misses the Net.
15:27 of 3rd period - Slapshot by Chris Mueller.
15:27 of 3rd period - Shot Blocked by Brad Stuart.
15:29 of 3rd period - Wrist shot by Ryan Jones.
15:29 of 3rd period - Stopped by Jack Campbell without a rebound.
15:30 of 3rd period - Tyler Johnson wins face-off versus Lars Eller in Avalanche zone.
15:34 of 3rd period - Minor Penalty to Clayton Stoner for Holding.
15:35 of 3rd period - Ryan O'Reilly wins face-off versus Tyler Johnson in Avalanche zone.
16:06 of 3rd period - Off-side.
16:07 of 3rd period - Kris Versteeg wins face-off versus Ryan O'Reilly in neutral zone.
16:40 of 3rd period - Tim Gleason is hit by Mike Ribeiro and loses puck.
17:34 of 3rd period - Penalty to Clayton Stoner is over, Clayton Stoner is back on ice.
18:11 of 3rd period - Snap shot by Alex Tanguay.
18:11 of 3rd period - Shot Blocked by Brad Stuart.
18:17 of 3rd period - Snap shot by Ales Hemsky.
18:17 of 3rd period - Shot Misses the Net.
18:19 of 3rd period - Slapshot by Tim Gleason.
18:19 of 3rd period - Shot Blocked by Rostislav Klesla.
18:21 of 3rd period - Snap shot by Alex Tanguay.
18:21 of 3rd period - Shot Misses the Net.
18:29 of 3rd period - Snap shot by Alex Tanguay.
18:29 of 3rd period - Stopped by Jack Campbell without a rebound.
18:30 of 3rd period - Jay Beagle wins face-off versus Tyler Kennedy in Avalanche zone.
18:51 of 3rd period - Slapshot by Tyler Kennedy.
18:51 of 3rd period - Shot Misses the Net.
18:53 of 3rd period - Wrist shot by Ryan McDonagh.
18:53 of 3rd period - Goal by Ryan McDonagh - Devils : 4 - Avalanche : 7.
18:54 of 3rd period - Tyler Johnson wins face-off versus T.J. Hensick in neutral zone.
19:31 of 3rd period - Snap shot by Jamie McGinn.
19:31 of 3rd period - Shot Misses the Net.
19:37 of 3rd period - Drew Stafford is hit by Brad Stuart and loses puck.
19:54 of 3rd period - Adam Burish is hit by Joffrey Lupul and loses puck.
Goals for this period are 2 for Devils vs 4 for Avalanche.
Shots for this period are 12 for Devils vs 21 for Avalanche.


Output by the SimonT Hockey Simulator (STHS) for Eric Dolegowski -- Original Page W3C XHTML 1.0 Valid
Hockey Simulator - Hockey Simulation - Hockey Manager